 Dungeon Crawl Stone Soup version 0.28.0-43-g3370ac3207 (webtiles) character file.

Game seed: 4143969989924943113

406 pkoi the Insei (level 6, -3/52 HPs)
             Began as a Draconian Monk on Mar 15, 2022.
             Killed from afar by Ijyb (13 damage)
             ... with an iceblast
             ... on level 3 of the Dungeon.
             The game lasted 00:04:29 (4576 turns).

pkoi the Insei (Draconian Monk)                     Turns: 4576, Time: 00:04:29

Health: -3/52      AC:  9    Str: 13    XL:     6   Next: 56%
Magic:  6/6        EV: 13    Int: 13    God:
Gold:   90         SH:  0    Dex: 13    Spells: 5/5 levels left

rFire   . . .      SeeInvis .     - Unarmed
rCold   . . .      Faith    .   (no shield)
rNeg    . . .      Spirit   .   (armour unavailable)
rPois   .          Reflect  .   (helmet restricted)
rElec   .          Harm     .   (no cloak)
rCorr   .          Rampage  .   i - +0 pair of gloves
Will    .....                   c - +1 pair of boots
Stlth   ++........              (no amulet)
HPRegen 0.17/turn               (no ring)
MPRegen 0.10/turn               (no ring)

@: no status effects
A: AC +6, unfitting armour, cold-blooded
a: no special abilities


You were on level 3 of the Dungeon.
You visited 1 branch of the dungeon, and saw 3 of its levels.
You also visited: Sewer.

You collected 90 gold pieces.

Inventory:

Hand Weapons
 e - a +2 flail of holy wrath
Armour
 c - a +1 pair of boots (worn)
 i - a +0 pair of gloves (worn)
Wands
 d - a wand of paralysis (9)
Scrolls
 f - 2 scrolls of enchant armour
 g - a scroll of amnesia
 j - 3 scrolls of teleportation
 k - a scroll of fog
Potions
 a - 4 potions of heal wounds {unknown}
 b - 4 potions of curing {unknown}
 h - a potion of brilliance {unknown}
 m - a potion of haste {unknown}


   Skills:
 + Level 4.0 Fighting
 + Level 3.3 Dodging
 - Level 1.7 Stealth
 * Level 6.6 Unarmed Combat
 + Level 1.0 Evocations


You had 5 spell levels left.
You didn't know any spells.
Your spell library contained the following spells:

 Spells                   Type           Power      Damage    Failure   Level
 Ignite Poison            Fire/Tmut/Pois 0%         N/A       67%         3
 Mephitic Cloud           Conj/Pois/Air  0%         N/A       67%         3
 Blade Hands              Tmut           0%         N/A       100%        5
 Freezing Cloud           Conj/Ice/Air   0%         6-21      100%        5
 Iron Shot                Conj/Erth      0%         9d1       100%        6
 Animate Armour           Summ/Erth      Unusable   N/A       N/A         4

Dungeon Overview and Level Annotations

Branches:
Dungeon (3/15)              Sewer (visited)

Altars:

Annotations:
D:3 Ijyb, Sigmund


Innate Abilities, Weirdness & Mutations

Your plain brown scales are hard. (AC +6)
You cannot fit into any form of body armour.
You are cold-blooded and may be slowed by cold attacks.


Message History

The adder completely misses you.
Unknown command.
You hit the adder.
You kill the adder!
Sigmund barely misses you.
Your Evocations skill increases to level 1!
Unknown command.
Ijyb grins evilly.
Ijyb zaps a wand.
The mass of ice explodes!
The iceblast engulfs the plant.
The plant begins to die.
The iceblast engulfs you!
* * * LOW HITPOINT WARNING * * *
You hear a shout!
Unknown command.
Sigmund gestures wildly while chanting.
Sigmund flickers and vanishes!
Deactivating autopickup; reactivate with Ctrl-A.
You see here a bat corpse.
A nearby plant withers and dies.
You hit the plant but do no damage.
Ijyb zaps a wand.
The mass of ice explodes!
The iceblast engulfs something!
You hear an angry hiss.
You punch the plant!
The plant begins to die.
The plant is lightly damaged.
Ijyb zaps a wand.
The mass of ice explodes!
The iceblast engulfs something!
You hit the plant but do no damage. You tail-slap the plant.
The plant is lightly damaged.
A kobold comes into view. It is wielding a +0 whip.
Something hits you!
* * * LOW HITPOINT WARNING * * *
You hear some strange, mumbled words.
Something tries to affect you, but you resist.
A nearby plant withers and dies.
A magic dart appears from out of thin air!
The magic dart hits you.
* * * LOW HITPOINT WARNING * * *
A magic dart appears from out of thin air!
The magic dart hits you.
* * * LOW HITPOINT WARNING * * *
Ijyb zaps a wand.
The mass of ice explodes!
The iceblast engulfs you!
You die...

...)..^................#*,*,,,*,*
P....PP.....PPP...K....#*,,,,,,*,
♣♣♣...♣♣♣P..♣♣♣P..♣♣♣..#***,,,*,*
* ♣...♣ *P..* ♣Pg.♣ ♣..# **,**,*
♣♣♣P.P♣♣♣...♣♣♣P..♣♣♣..# *,**,,
.....P..PP.P.P.P....††.# *,#***
.......................####*.#
.....P.PP.................##.#
♣♣♣P..♣♣♣...♣♣♣.@.♣♣♣.†......# *
♣P.P♣ ♣..P♣ ♣...♣ ♣........###*
♣♣♣..P♣♣♣...♣♣♣...♣♣♣...........,
..P...PP.....PPP....PP.>....#.###
............................#....
#.#.#..#####<#.).###.####.##..#,,
..#...##.............# #..†..#*,
#.###.##.###.##.#..### ####..#**
*,* #.##.# #.#.[.....## #..#


You could see Ijyb and a kobold.

Vanquished Creatures
  A black bear (D:3)
  2 kobold brigands (Sewer)
  7 adders
  4 river rats (Sewer)
  3 worms (D:3)
  6 bats
  2 endoplasms (D:1)
  3 giant cockroaches
  8 goblins
  2 hobgoblins
  2 jackals (Sewer)
  6 kobolds
  4 quokkas (D:1)
  8 ball pythons
  6 frilled lizards
  10 rats
74 creatures vanquished.

Vanquished Creatures (others)
  23 plants
23 creatures vanquished.

Grand Total: 97 creatures vanquished

Notes
Turn   | Place    | Note
-------+----------+-------------------------------------------
     0 | D:1      | pkoi the Draconian Monk began the quest for the Orb.
     0 | D:1      | Reached XP level 1. HP: 19/19 MP: 1/1
   252 | D:1      | Reached XP level 2. HP: 19/26 MP: 2/2
   944 | D:1      | Reached skill level 4 in Unarmed Combat
  1413 | D:1      | Reached XP level 3. HP: 31/31 MP: 3/3
  2068 | D:2      | Found a faded altar of an unknown god.
  2403 | D:3      | Found a glowing drain.
  2426 | Sewer    | Entered a sewer
  2540 | Sewer    | Noticed a kobold brigand
  2561 | Sewer    | Killed a kobold brigand
  2562 | Sewer    | Reached skill level 5 in Unarmed Combat
  2562 | Sewer    | Reached XP level 4. HP: 17/38 MP: 4/4
  2562 | Sewer    | Reached XP level 5. HP: 21/45 MP: 5/5
  3283 | Sewer    | Reached skill level 6 in Unarmed Combat
  4061 | Sewer    | Reached XP level 6. HP: 46/52 MP: 6/6
  4551 | D:3      | Noticed Sigmund
  4555 | D:3      | Noticed Ijyb
  4560 | D:3      | Reached skill level 1 in Evocations
  4576 | D:3      | Killed from afar by Ijyb

Illustrated notes

Levels and vault maps discovered:
D:1:      wheals_arrival_shading, layout_rooms, hangedman_decor_opposing,
          minmay_misc_feat_rugged, corexii_corridor_pit, minmay_cut_off
D:2:      layout_basic, hellmonk_ecumenical_altar_blasted, grunt_ministairs_13
D:3:      layout_loops_ring, lemuel_tele_altar, cheibrodos_sewer_entry_drain,
          kennysheep_boxes, uniq_sigmund, uniq_ijyb, uniq_crazy_yiuf_cottage,
          uniq_terence

Skill      XL: |  1  2  3  4  5  6 |
---------------+-------------------+-----
Unarmed Combat | 4 5 6 |  6.6
Dodging        | 3 |  3.3
Fighting       | 4 |  4.0
Evocations     | 1 |  1.0
Stealth        | |  1.7

Action                   |  1- 3 |  4- 6 || total
-------------------------+-------+-------++-------
Melee: Unarmed           |   171 |   194 ||   365
       Tailslap          |    17 |    22 ||    39
       Punch             |     4 |     8 ||    12
  Use: Scroll            |       |     7 ||     7
 Stab: Sleeping          |     5 |     2 ||     7
Armor: Skin              |    55 |    54 ||   109
Dodge: Dodged            |    88 |   102 ||   190
